 Dungeon Crawl Stone Soup version 0.25-a0-719-gde951dce62 (webtiles) character file.

Game seed: 8153836471086038961, levelgen mode: deterministic

117 wvc the Cutter (level 5, -11/38 HPs)
             Began as a Human Wanderer on Apr 6, 2020.
             Killed from afar by a death drake (glowing shapeshifter) (14 damage)
             ... with a foul vapour
             ... on level 2 of the Dungeon.
             The game lasted 00:04:05 (2001 turns).

wvc the Cutter (Human Wanderer)                     Turns: 2001, Time: 00:04:05

Health: -11/38     AC:  4    Str: 13    XL:     5   Next: 22%
Magic:  5/5        EV: 12    Int: 11    God:
Gold:   46         SH:  0    Dex: 14    Spells: 4/4 levels left

rFire    . . .     SeeInvis .   e - +2 quarterstaff (chaos)
rCold    . . .     Gourm    +   (shield currently unavailable)
rNeg     . . .     Faith    .   b - +0 leather armour
rPois    +         Spirit   .   (no helmet)
rElec    .         Reflect  .   l - +0 cloak (curse)
rCorr    .         Harm     .   (no gloves)
MR       .....                  (no boots)
Stlth    +.........             q - amulet of the gourmand
HPRegen  0.12/turn              c - ring of poison resistance
MPRegen  0.09/turn              (no ring)

@: no status effects
A: no striking features
a: no special abilities


You were on level 2 of the Dungeon.
You were not hungry.

You visited 1 branch of the dungeon, and saw 2 of its levels.

You collected 46 gold pieces.

Inventory:

Hand Weapons
 a - a +0 quarterstaff
 e - a +2 quarterstaff of chaos (weapon)
 g - a +1 short sword of flaming
 j - a +2 dagger of holy wrath
 o - a +0 hunting sling
Missiles
 p - 41 stones (quivered)
Armour
 b - a +0 leather armour (worn)
 d - a +0 robe
 l - a cursed +0 cloak (worn)
Jewellery
 c - a ring of poison resistance (left hand)
 q - an amulet of the gourmand (around neck)
Scrolls
 h - a scroll of remove curse
 k - a scroll of teleportation
Potions
 i - 2 potions of stabbing
 n - a potion of cancellation
Comestibles
 f - 2 rations


   Skills:
 - Level 2.0 Fighting
 - Level 4.3 Short Blades
   Level 1.0(2.8) Long Blades
 + Level 0.6 Staves
 - Level 2.0 Dodging
 - Level 1.0 Stealth
   Level 1.0 Necromancy
   Level 2.0 Air Magic
   Level 1.0 Evocations


You had 4 spell levels left.
You didn't know any spells.
Your spell library contained the following spells:

 Spells                   Type           Power        Failure   Level  Hunger
 Pain                     Necr           #...         30%         1    ##.....
 Shock                    Conj/Air       #...         30%         1    ##.....
 Swiftness                Chrm/Air       #.......     41%         2    ###....
 Static Discharge         Conj/Air       #.......     65%         3    ####...
 Vampiric Draining        Necr           #.........   65%         3    ####...
 Airstrike                Air            #.........   89%         4    #####..
 Lightning Bolt           Conj/Air       #.........   100%        5    ######.


Dungeon Overview and Level Annotations

Branches:
Dungeon (2/15)

Altars:
Yredelemnul


Message History

You are too injured to fight recklessly!
You are too injured to fight recklessly!
You are too injured to fight recklessly!
You hit the water nymph but do no damage.
The water nymph is lightly wounded.
The water nymph touches you. The water nymph drowns you!
You closely miss the water nymph.
The water nymph is lightly wounded.
The water nymph changes into a death drake!
You hit the death drake.
The death drake suddenly seems more agile.
The death drake is lightly wounded.
The death drake bites you!
* * * LOW HITPOINT WARNING * * *
You barely miss the death drake.
The death drake is lightly wounded.
The death drake completely misses you. The death drake breathes miasma at you.
The foul vapour engulfs you!
You die...

,,,,**,,,* #..# #........#
***,**,,,* #.## ##########
***+**,,,* #.#######.###.#
,,,,,,,,,* #.............#
,,,,,,,*** ##########.##.#
,,,,,,,* ##.##.#####
***,*****#**** #.........#
*>****,....##########.#.#.###.#
*,,,,+,....).k@.......#...# #.#
******,....############...###.#
**#**** #..>'...# ##...#####
#....# #....# ##..## ♣..PP♣
♣♣.P.♣


You could see a death drake shaped shifter.

Vanquished Creatures
  Crazy Yiuf (D:2)
  3 adders (D:2)
  2 worms (D:2)
  3 dart slugs (D:1)
  A leopard gecko (D:2)
  2 giant cockroaches
  2 gnoll zombies (D:2)
  9 hobgoblins
  3 jackals (D:1)
  3 kobolds
  4 bats
  5 frilled lizards
  3 goblins
  11 rats
52 creatures vanquished.

Notes
Turn   | Place    | Note
-------+----------+-------------------------------------------
     0 | D:1      | wvc the Human Wanderer began the quest for the Orb.
     0 | D:1      | wvc set off with the following items: a +0 quarterstaff, a
                  | +0 robe, a ration; and the following spells available to
                  | memorise: Pain, Shock, Swiftness, Static Discharge,
                  | Vampiric Draining, Airstrike, Lightning Bolt
     0 | D:1      | Reached XP level 1. HP: 16/16 MP: 1/1
    22 | D:1      | meem: I'm meem, an infobot run by MalcolmRoseGaming: Type
                  | !submeem to keep me in your games; !nomeem to shut me up
                  | forever; !meem for help; !whymeem if you want to know why
                  | meem exists. Visit http://youtube.com/malcolmrosegaming for
                  | more DCSS content.
   186 | D:1      | Reached skill level 1 in Short Blades
   187 | D:1      | Reached XP level 2. HP: 21/22 MP: 2/2
   240 | D:1      | Reached skill level 2 in Short Blades
   243 | D:1      | Reached XP level 3. HP: 23/27 MP: 3/3
   774 | D:2      | Reached skill level 3 in Short Blades
   774 | D:2      | Reached XP level 4. HP: 17/33 MP: 4/4
  1253 | D:2      | Found a basalt altar of Yredelemnul.
  1546 | D:2      | Found a runed translucent door.
  1547 | D:2      | Noticed Crazy Yiuf
  1807 | D:2      | Killed Crazy Yiuf
  1807 | D:2      | Reached skill level 4 in Short Blades
  1807 | D:2      | Reached XP level 5. HP: 11/38 MP: 5/5
  1994 | D:2      | Noticed a glowing shapeshifter
  1994 | D:2      | an ooze changed into a glowing shapeshifter
  1994 | D:2      | Noticed a shock serpent
  1994 | D:2      | a glowing shapeshifter changed into a shock serpent
  1996 | D:2      | Noticed a water nymph
  1996 | D:2      | a shock serpent changed into a water nymph
  1999 | D:2      | Noticed a death drake
  1999 | D:2      | a water nymph changed into a death drake
  2001 | D:2      | Killed from afar by a death drake (glowing shapeshifter)

Levels and vault maps discovered:
D:1:      dpeg_arrival_ternary, layout_basic, minivault_27
D:2:      layout_basic, lemuel_zombie_altar_yredelemnul,
          chequers_ecumenical_altar_twisty, uniq_natasha,
          uniq_crazy_yiuf_cottage

Skill      XL: |  1  2  3  4 |
---------------+-------------+-----
Short Blades   | 1 2 3 4 |  4.3
Fighting       | |  2.0
Long Blades    | |  1.0
Staves         | |  0.6
Dodging        | |  2.0
Stealth        | |  1.0
Necromancy     | |  1.0
Air Magic      | |  2.0
Evocations     | |  1.0

Action                   |  1- 3 |  4- 6 || total
-------------------------+-------+-------++-------
Melee: Short sword       |    81 |    80 ||   161
       Quarterstaff      |     6 |    17 ||    23
  Use: Scroll            |       |     7 ||     7
       Potion            |       |     1 ||     1
 Stab: Sleeping          |     1 |       ||     1
  Eat: Chunk             |       |     3 ||     3
       Ration            |       |     1 ||     1
Armor: Leather armour    |    20 |    10 ||    30
Dodge: Dodged            |    54 |    50 ||   104

Table legend:
 A = Non-vault XP
 B = Vault XP
 C = Vault XP percentage of total XP
 D = Non-vault monster count
 E = Vault monster count
 F = Vault count percentage of total count
                 A         B        C        D         E       F
            +---------+---------+-------+---------+---------+-------
      Total |     124 |      44 |  26.2 |      49 |       3 |   5.8
            +---------+---------+-------+---------+---------+-------
        D:1 |      47 |       0 |   0.0 |      26 |       0 |   0.0
        D:2 |      77 |      44 |  36.4 |      23 |       3 |  11.5
            +---------+---------+-------+---------+---------+-------
